 Dungeon Crawl Stone Soup version 0.16-a0-2710-g8b41a68 (webtiles) character file.

90 Kemay the Insei (level 4, 0/30 HPs)
             Began as an Octopode Transmuter on Nov 26, 2014.
             Succumbed to an adder's poison
             ... on level 3 of the Dungeon.
             The game lasted 00:09:06 (2308 turns).

Kemay the Insei (Octopode Transmuter)               Turns: 2308, Time: 00:09:06

Health: 0/30       AC:  1    Str:  9    XL:     4   Next: 56%
Magic:  7/7        EV: 12    Int: 15    God:
Gold:   75         SH:  0    Dex: 13    Spells: 1 memorised, 6 levels left

rFire  + . .     SeeInvis .       - Unarmed
rCold  x . .     Clarity  .     (no shield)
rNeg   . . .     SustAb   .     (helmet restricted)
rPois  .         Gourm    .     (no amulet)
rElec  .         Spirit   .     e - ring of fire
rCorr  .         Warding  .     (no ring)
rMut   .         Stasis   .     (no ring)
MR     .....                    (no ring)
Stlth  ++........               (no ring)
                                (no ring)
                                (no ring)
                                (no ring)

@: lethally poisoned, not resistant to hostile enchantments, unstealthy
A: almost no armour, amphibious, 8 rings, constrict 8, camouflage 1, gelatinous
body 1
a: no special abilities


You were on level 3 of the Dungeon.
You were not hungry.

You visited 1 branch of the dungeon, and saw 3 of its levels.

You collected 75 gold pieces.

Inventory:

Missiles
 b - 30 arrows
Jewellery
 e - a ring of fire (left tentacle)
Scrolls
 c - a scroll of identify
 g - a scroll of blinking
 i - a scroll of remove curse
Books
 d - a book of Changes

   Spells                             Type                      Level
   *Beastly Appendage                 Transmutation                1
   Sticks to Snakes                   Transmutation                2
   Spider Form                        Transmutation/Poison         3
   Ice Form                           Ice/Transmutation            4
   Blade Hands                        Transmutation                5
Comestibles
 a - a bread ration
 f - 2 beef jerkies
 h - a chunk of flesh


   Skills:
 + Level 2.4 Fighting
 - Level 2.0 Dodging
 * Level 4.6 Unarmed Combat
 - Level 2.0 Spellcasting
 - Level 2.0 Transmutations


You had 6 spell levels left.
You knew the following spells:

 Your Spells              Type           Power        Failure   Level  Hunger
a - Beastly Appendage     Trmt           #.....       12%         1    #......


Dungeon Overview and Level Annotations

Branches:
Dungeon (3/15)

Altars:

Annotations:
D:2 Jessica


Innate Abilities, Weirdness & Mutations

You cannot wear most types of armour.
You are amphibious.
You can wear up to eight rings at the same time.
You can use your tentacles to constrict many enemies at once.
Your skin changes colour to match your surroundings (Stealth).
Your rubbery body absorbs attacks (AC +1).


Message History

You barely miss the adder. Your grab misses the adder.
The adder is severely wounded.
* * * LOW HITPOINT WARNING * * *
You feel sick. The adder barely misses you.
You miss the adder. Your grab misses the adder. You tentacle-slap the adder.
You squeeze the adder.
You kill the adder!
* * * LOW HITPOINT WARNING * * *
You feel sick.
You aren't carrying any potions.
A hobgoblin comes into view. It is wielding a club.
* * * LOW HITPOINT WARNING * * *
You feel sick.
You see here an adder corpse.
You butcher the adder corpse.
You see here a chunk of flesh.
* * * LOW HITPOINT WARNING * * *
You feel sick.
The hobgoblin shouts!
You hear a shout!
You die...

########
#.......#
#.......#
#.......#
#.......#
....#.#%......#
.........@.....#
####.g#.......#
#..######### ...
#.#. .. #


You could see a hobgoblin.

Vanquished Creatures
  4 adders
  2 worms (D:2)
  2 giant geckos (D:2)
  6 bats
  2 giant cockroaches (D:2)
  6 goblins (D:1)
  2 hobgoblins (D:1)
  7 jackals
  3 kobolds
  A giant newt (D:1)
  7 rats
42 creatures vanquished.

Notes
Turn   | Place    | Note
--------------------------------------------------------------
     0 | D:1      | Kemay, the Octopode Transmuter, began the quest for the Orb.
     0 | D:1      | Reached XP level 1. HP: 13/13 MP: 3/3
   137 | D:1      | Reached XP level 2. HP: 5/18 MP: 1/4
  1067 | D:1      | Reached XP level 3. HP: 24/24 MP: 4/6
  1181 | D:2      | Noticed Jessica
  1593 | D:2      | Reached skill level 4 in Unarmed Combat
  1824 | D:2      | Reached XP level 4. HP: 18/29 MP: 7/7
  2307 | D:3      | HP: 1/30 [poisoned by an adder]
  2308 | D:3      | Succumbed to an adder's poison

Action                   |  1- 3 |  4- 6 || total
-------------------------+-------+-------++-------
Melee: Unarmed           |    91 |    20 ||   111
 Cast: Beastly Appendage |    12 |     1 ||    13
  Use: Scroll            |    10 |       ||    10
       Potion            |     3 |       ||     3
 Stab: Sleeping          |     2 |     1 ||     3
  Eat: Chunk             |     3 |     2 ||     5
